Cogmind - Beta 13 X3 @@@ ROGUE MODE // 2024.02.21 @ 22:38:20 Player: Minty Result: Destroyed by MP-1LR(R) with Subdweller Beam Cannon Performance ------------- Evolutions (0) 0 Regions Visited (2) 400 Robots Destroyed (41) 205 Value Destroyed (1001) 1001 Prototype IDs (12) 240 Alien Tech Used (0) 0 Bonus (-216) -216 TOTAL SCORE: 1630 Bonus ------- Friendly Fire -216 Cogmind --------- Core Integrity 0/250 Matter 248/300 Energy 100/100 System Corruption 8% Temperature Cool (9) Movement Core (400) Ox7 Location -10/Subcaves Parts ------- > --- POWER (1) -------- (None) > --- PROPULSION (2) --- (None) > --- UTILITY (2) ------ Large Storage Unit Improved Terrain Scanner > --- WEAPON (2) ------- Makeshift Axe > --- INVENTORY (15) --- Spiked Treads Flightbrick Large Battery (200) Large Matter Pod (150) Large Matter Pod (150) Structural Scanner Hacking Suite Hacking Suite Mining Laser Multitool Makeshift Spear Peak State ------------ > --- POWER ------------ Subdweller Power Source > --- PROPULSION ------- Wheel Subdweller Monowheel > --- UTILITY ---------- Large Storage Unit Improved Terrain Scanner > --- WEAPON ----------- Makeshift Axe Makeshift Spear > --- INVENTORY -------- Light Ion Engine Spiked Treads Flightbrick Large Battery Large Matter Pod Large Matter Pod Structural Scanner Hacking Suite Hacking Suite Subdweller Laser Mining Laser Multitool [Rating: 22] Favorites ----------- Power Light Ion Engine Engine Light Ion Engine Propulsion Light Treads Treads Light Treads Leg Aluminum Leg Wheel Wheel Utility Large Storage Unit Device Improved Terrain Scanner Storage Large Storage Unit Weapon EM Pulse Gun Energy Gun EM Pulse Gun Energy Cannon Beam Cannon Ballistic Gun Assault Rifle Ballistic Cannon Light Cannon Launcher Grenade Launcher Special Weapon Mining Laser Slashing Weapon Makeshift Axe Piercing Weapon Makeshift Spear Special Melee Weapon Datajack Build | -11 -10 -10 ------- Run | Yrd Mat Sub Slots Evolved . | . . . Power . | . . . Propulsion . | . . . Utility . | . . . Weapon . | . . . Parts Attached 54 | . 28 26 Power 6 | . 3 3 Engine 6 | . 3 3 Core . | . . . Reactor . | . . . Propulsion 11 | . 4 7 Treads 2 | . 2 . Leg 1 | . . 1 Wheel 8 | . 2 6 Hover . | . . . Flight . | . . . Utility 6 | . 3 3 Device 2 | . . 2 Storage 4 | . 3 1 Processor . | . . . Hackware . | . . . Protection . | . . . Artifact . | . . . Weapon 31 | . 18 13 Energy Gun 12 | . 9 3 Energy Cannon 2 | . 1 1 Ballistic Gun 2 | . 2 . Ballistic Cannon 5 | . 3 2 Launcher 4 | . 2 2 Special Weapon 2 | . . 2 Impact Weapon . | . . . Slashing Weapon 2 | . . 2 Piercing Weapon 1 | . . 1 Special Melee Weapon 1 | . 1 . Unidentified Prototypes . | . . . Corrupted Parts 1 | . 1 . System Corruption 4 | . 4 . Parts Lost 14 | . 3 11 Power 3 | . 1 2 Propulsion 6 | . 1 5 Utility 1 | . . 1 Weapon 4 | . 1 3 Highest Loss Streak 6 | . 2 6 To Critical Strikes . | . . . Average Slot Usage (%) 95 | . 98 90 Engine 13 | . 13 13 Treads 14 | . 24 . Leg 1 | . . 4 Wheel 11 | . 3 22 Device 2 | . . 6 Storage 21 | . 27 14 Energy Gun 7 | . 11 1 Energy Cannon 3 | . 6 . Ballistic Gun 2 | . 4 . Ballistic Cannon 3 | . 4 2 Launcher 2 | . . 3 Slashing Weapon 3 | . . 7 Piercing Weapon 4 | . . 9 Naked Turns . | . . . Heaviest Build 34 | 11 34 32 Greatest Support 40 | 20 40 30 Greatest Overweight (x) 9 | . 3 9 Average Overweight (x) . | . . . Largest Inventory Capacity 15 | . 15 15 Average Capacity 13 | . 12 15 Most Carried 15 | . 15 15 Average Carried 13 | . 12 14 Final Capacity 15 | 8 15 15 Final Carried 15 | 6 15 14 Class Distribution -------------------- 87% | Mutant 12% | Derelict-Mutant Dominant Class ---------------- Mutant | -10/Materials Mutant | -10/Subcaves Resources | -11 -10 -10 ----------- Run | Yrd Mat Sub Matter Collected 1356 | 144 865 347 Remotely . | . . . Salvage Created 1463 | . 1217 246 Parts 84 | . 73 11 Haulers Intercepted 2 | . 2 . Recyclers Shooed . | . . . Parts Field Recycled . | . . . Retrieved Matter . | . . . Parts Self-Destructed 12 | . . 12 Prevented . | . . . Kills | -11 -10 -10 ------- Run | Yrd Mat Sub Combat Hostiles Destroyed 24 | . 19 5 Melee 1 | . . 1 Guns 7 | . 7 . Cannons 9 | . 7 2 AOE 7 | . 5 2 Classes Destroyed 11 | . 10 1 Worker 5 | . 5 . Builder 1 | . 1 . Tunneler 1 | . 1 . Hauler 2 | . 2 . Recycler 3 | . 3 . Operator 2 | . 2 . Watcher 3 | . 3 . Swarmer 3 | . 3 . Grunt 14 | . 14 . Artisan 3 | . . 3 Subdweller 7 | . 2 5 Best Kill Streak 4 | . 4 1 Combat Bots Only 3 | . 3 1 Max Kills in Single Turn 3 | . 3 1 Gunslinging . | . . . Exploded 1 | . 1 1 Melee 1 | . . 1 Uniques/NPCs Destroyed . | . . . Combat | -11 -10 -10 -------- Run | Yrd Mat Sub Hostile Shots Fired 128 | . 87 41 Missed 36 | . 26 10 Damage Taken 1570 | . 755 815 Core 268 | . 75 193 Absorbed by Shields . | . . . Regen/Repaired (Parts) 102 | . 102 . Core Remaining (%) 100 | 100 . . Volleys Fired 131 | . 95 36 Largest 2 | . 2 2 Hottest 140 | . 95 140 Shots Fired 236 | . 182 54 Gun 146 | . 130 16 Cannon 71 | . 47 24 Launcher 9 | . 5 4 Special 10 | . . 10 Kinetic 88 | . 67 21 Thermal 42 | . 28 14 Explosive 9 | . 5 4 Electromagnetic 97 | . 82 15 Robot Hit Streak 18 | . 14 18 Robot Miss Streak 4 | . 4 2 Penetration Max . | . . . Secondary Targets 1 | . 1 . Max Gunslinging Chain 1 | . 1 . Shots Hit Robots 150 | . 108 42 Core Hits 64 | . 53 11 Critical Kills 1 | . 1 . Critical Parts Destroyed . | . . . Critical Strikes 1 | . 1 . Destroy 1 | . 1 . Melee Attacks 27 | . 2 25 Impact . | . . . Slashing 17 | . . 17 Piercing 8 | . . 8 Sneak Attacks 7 | . 2 5 Combat Hostiles . | . . . Follow-up Attacks . | . . . Damage Inflicted 2671 | . 1854 817 Guns 1105 | . 991 114 Cannons 525 | . 477 48 Explosions 532 | . 363 169 Melee 421 | . . 421 Ramming 40 | . 23 17 Kinetic 569 | . 521 48 Thermal 507 | . 459 48 Explosive 400 | . 231 169 Electromagnetic 734 | . 620 114 Impact . | . . . Slashing 421 | . . 421 Piercing . | . . . Highest Corruption 8 | . 8 8 Average Corruption 5 | . 2 8 Corruption Purged . | . . . Corruption Blocked . | . . . Effects 60 | . 20 40 Message Errors 15 | . 3 12 Matter Fused 17 | . 7 10 Heat Flow Errors 6 | . 2 4 Energy Discharges 9 | . 1 8 Parts Rejected 1 | . 1 . Data Loss (minor) 4 | . 3 1 Data Loss (major) 3 | . 2 1 Misfires 1 | . . 1 Alerts 1 | . . 1 Weapon Failures 3 | . 1 2 Overload Shots . | . . . Overflow Damage 186 | . 37 149 Projectiles 14 | . 14 . Explosions 29 | . 23 6 Melee 143 | . . 143 Knockbacks 3 | . 2 1 Impact . | . . . Kinetic 3 | . 2 1 Secondary . | . . . Self-Inflicted Damage 90 | . 18 72 Shots 3 | . 1 2 Rammed 8 | . 7 1 Targets Rammed 8 | . 7 1 Kicked . | . . . Crushed . | . . . Highest Temperature 255 | . 254 255 Average Temperature 61 | . 58 109 Received Heat Transfer 486 | . 333 153 Siege Activations . | . . . Robots Corrupted . | . . . Combat Hostiles . | . . . Parts Fried 2 | . 1 1 Impact Corruptions . | . . . Robots Melted . | . . . Combat Hostiles . | . . . Parts Melted . | . . . Heat Transferred 1003 | . 903 100 Parts Sabotaged . | . . . Parts Stolen . | . . . Parts Stripped . | . . . Power Chain Reactions 5 | . 5 . Alert | -11 -10 -10 ------- Run | Yrd Mat Sub Peak Influence 289 | . 289 . Initial . | . . . Average 96 | . 96 . Maximum Alert Level 1 | . 1 . Low Security (%) 85 | . 85 . Level 1 14 | . 14 . Level 2 . | . . . Level 3 . | . . . Level 4 . | . . . Level 5 . | . . . High Security . | . . . Max Security . | . . . Squads Dispatched 7 | . 7 . Investigation 6 | . 6 . Extermination . | . . . Reinforcement 1 | . 1 . Assault . | . . . Garrison . | . . . Intercept . | . . . Searches Triggered . | . . . Construction Impeded . | . . . Haulers Reinforced . | . . . Active Scanning Responses . | . . . Cargo Convoy Interrupts . | . . . Stealth | -11 -10 -10 --------- Run | Yrd Mat Sub Distress Signals . | . . . Communications Jammed . | . . . Distress Signals . | . . . Times Spotted 37 | . 31 6 Peak Tracking Total 3 | . 3 1 Tactical Retreats . | . . . Traps | -11 -10 -10 ------- Run | Yrd Mat Sub Traps Triggered 1 | . 1 . Indirectly . | . . . Trap Hack Attempts 34 | . 34 . Triggered . | . . . Disarmed . | . . . Reprogrammed 3 | . 3 . Reused . | . . . Traps Extracted . | . . . Installed . | . . . Triggered . | . . . Machines | -11 -10 -10 ---------- Run | Yrd Mat Sub Machines Disabled 2 | . 1 1 Max in Single Turn 1 | . 1 1 Machines Repaired . | . . . Machines Dismantled . | . . . Machines Sabotaged 1 | . 1 . Overloaded Fab Kills . | . . . Hacking | -11 -10 -10 --------- Run | Yrd Mat Sub Machines Accessed 9 | . 8 1 Terminals 6 | . 6 . Fabricators . | . . . Repair Stations 1 | . 1 . Recycling Units 1 | . 1 . Scanalyzers . | . . . Garrison Access . | . . . Total Hacks 37 | . 36 1 Successful 25 | . 24 1 Failed 12 | . 12 . Catastrophic 1 | . 1 . Database Lockouts . | . . . Manual 19 | . 19 . Terminals 30 | . 30 . Fabricators . | . . . Repair Stations 3 | . 3 . Recycling Units 3 | . 3 . Scanalyzers . | . . . Garrison Access . | . . . Terminal Hacks 11 | . 10 1 Prototype ID Bank 1 | . 1 . Emergency Access Points 2 | . 2 . Alert Level 3 | . 3 . Dispatch Records 1 | . 1 . Security Status 1 | . 1 . Patrol Status 1 | . 1 . Zone Layout 1 | . 1 . Derelict Proto ID Bank 1 | . . 1 Fabricator Hacks . | . . . Repair Station Hacks 3 | . 3 . Scan Component 2 | . 2 . Repair 1 | . 1 . Recycling Unit Hacks 3 | . 3 . Process 1 | . 1 . Report Inventory 1 | . 1 . Retrieve Matter 1 | . 1 . Scanalyzer . | . . . Garrison Access Hacks . | . . . Unauthorized Hacks 8 | . 8 . Terminals 8 | . 8 . Botnet 5 | . 5 . Sabotage 3 | . 3 . Fabricators . | . . . Repair Stations . | . . . Recycling Units . | . . . Scanalyzers . | . . . Garrison Access . | . . . Data Cores Recovered . | . . . Used . | . . . Hacking Detections 8 | . 8 . Full Trace Events 4 | . 4 . Feedback Events 2 | . 2 . Corruption 2 | . 2 . Feedback Blocked . | . . . Robot Schematics Acquired . | . . . Robots Built . | . . . Authchips . | . . . Time . | . . . Total Robot Build Rating . | . . . Part Schematics Acquired . | . . . Parts Built . | . . . Authchips . | . . . Time . | . . . Total Part Build Rating . | . . . Parts Repaired 1 | . 1 . Time 26 | . 26 . Parts Recycled . | . . . Recycled Matter 134 | . 134 . Retrieved Matter 134 | . 134 . Retrieved Components . | . . . Parts Scanalyzed . | . . . Part Schematics Acquired . | . . . Parts Damaged . | . . . Bothacking | -11 -10 -10 ------------ Run | Yrd Mat Sub Used RIF Installer . | . . . Robots Hacked 1 | . 1 . Non-combat 1 | . 1 . Combat . | . . . Robot Hacks Applied 1 | . 1 . no_distress 1 | . 1 . Relay Couplers Released . | . . . Fabnet Peak Effective % . | . . . Robots Rewired . | . . . Allies Hacked . | . . . Hacks Repelled . | . . . Allies | -11 -10 -10 -------- Run | Yrd Mat Sub Total Allies 1 | . . 1 Largest Group 1 | . . 1 Highest-Rated Group 36 | . . 36 Highest-Rated Ally 36 | . . 36 Total Orders 2 | . . 2 STAY 1 | . . 1 FOLLOW 1 | . . 1 Ally Attacks 2 | . . 2 Total Damage 128 | . . 128 Kills . | . . . Allies Corrupted . | . . . Allies Melted . | . . . Intel | -11 -10 -10 ------- Run | Yrd Mat Sub Robot Analysis Total . | . . . Derelict Logs Recovered . | . . . Drone Launches . | . . . Drone Recoveries . | . . . Exploration | -11 -10 -10 ------------- Run | Yrd Mat Sub Turns Passed 2816 | . 1649 1167 Spaces Moved 1425 | 1 839 585 Core 2 | . . 2 Treads 659 | . 659 . Legs 90 | 1 8 81 Wheels 674 | . 172 502 Hover . | . . . Flight . | . . . Fastest Speed 95 | 120 95 95 Average Speed 138 | 120 146 126 Slowest Speed 500 | 120 240 500 Overloaded Moves . | . . . Propulsion Burnouts . | . . . Robots Hopped . | . . . Cave-ins Triggered . | . . . Exploration Rate (%) 38 | 2 85 29 Regions Visited 2 Branch Regions 1 Pre-discovered Areas . | . . . Known Exits Taken . | . . . Unknown Exits Taken 2 | 1 1 . Scrap Searched 4 | . . 4 Spaces Dug 1 | . . 1 Terrain Destroyed 48 | . 27 21 Melee 1 | . . 1 Projectile . | . . . AOE 47 | . 27 20 Terrain Rammed . | . . . Walls Destroyed . | . . . Machines Disabled . | . . . Actions | -11 -10 -10 --------- Run | Yrd Mat Sub Total 1982 | . 1070 912 Wait 246 | . 28 218 Move 1423 | . 838 585 Hop . | . . . Pick Up 28 | . 19 9 Fast Attach 13 | . 7 6 Attach 8 | . 4 4 Detach 2 | . 1 1 Swap 33 | . 17 16 Drop 32 | . 18 14 Fire 131 | . 95 36 Melee 24 | . 2 22 Ram 1 | . . 1 Kick . | . . . Crush 7 | . 7 . Escape Stasis . | . . . Rewire . | . . . Trap 34 | . 34 . Miscellaneous . | . . . Route ------- -11/Scrapyard -10/Materials (discovered 5 exits: [*Mat x3] / [*Min] / *Sub) -10/Subcaves History --------- Turn | Location | Event 1 | -11/Scrapyard | Discovered new exit (range 0) 1 | -11/Scrapyard | Entered Materials 50 | -10/Materials | Discovered new exit (range 5) 315 | -10/Materials | Build established: Mutant 411 | -10/Materials | Discovered new exit (range 11) 696 | -10/Materials | Discovered new exit (range 3) 892 | -10/Materials | Discovered new exit (range 5) 900 | -10/Materials | Derelicts attacked the area 1086 | -10/Materials | Discovered new exit (range 7) 1359 | -10/Materials | Repaired Lgt. Cannon 1650 | -10/Materials | Entered Subcaves 1822 | -10/Subcaves | Core integrity fell below 50% 1866 | -10/Subcaves | Lost 6 parts (1p3n1u1w) 1901 | -10/Subcaves | Shifting Twisted Machinery released Mak. Spear 2002 | -10/Subcaves | Shifting Twisted Machinery released Mak. Axe 2219 | -10/Subcaves | Ambushed by angry Subdweller bent on revenge 2260 | -10/Subcaves | Visited 4L-MR0's lab 2277 | -10/Subcaves | Found Flightbrick 2329 | -10/Subcaves | Lrg. Botcube activated 2662 | -10/Subcaves | Build established: Derelict-Mutant 2779 | -10/Subcaves | Disturbed a concealed Subdweller 2780 | -10/Subcaves | Core integrity fell below 20% 2817 | -10/Subcaves | Destroyed by MP-1LR(R) with Subdweller Beam Cannon Last Messages --------------- 02413_ Acquired Imp. Terrain Scanner. 02431_ System corrupted: Matter fused (-5). 02461_ &#JOKYCU4IV>CMYX/PGFOVVOHH&MIPFA 02486_ Y#DXW, MSYK3HY4FQIA=/O& 02517_ System corrupted: Matter fused (-5). 02553_ System corrupted: Matter fused (-7). 02576_ System corrupted: Matter fused (-5). 02583_ Large Mutated Botcube triggered Piercing Trap. 02583_ Spikes shoot up from the floor. 02655_ AOTUQNBECOV0WLHH, KOH BRVV2FOL 02681_ ZMUJZTLFJEUQHNZ9U1,PNSJRH 02727_ Sub. Power Source shoots sparks and powers down. 02728_ Dropped Broken Sub. Power Source. 02779_ MP-1LR(R) angrily emerges from the Twisted Machinery. 02779_ System corrupted: Matter fused (-10). 02801_ Y9DXPQUOEODKOBPKQY3LH/KCJ6EO1W: 02804_ Lgt. Ion Engine destroyed. 02806_ Wheel destroyed. 02811_ Sub. Laser destroyed. 02815_ Sub. Monowheel destroyed. Map ----- +----------------------------------------------------+ | ?##??????????????????????????????????????????????? | | ?????????????????????????????????????????????????? | | ???#?????????????????????????????????????????????? | | ?###?????????????????????????????????????????????? | | ??#??????????????????????????????????????????????? | | ?##??????????????????????????????????????????????? | | ??#??????????????????????????????????????????????? | | ?#???????????????????????????????????????????????? | | ???????#?????????????????????????????????????????? | | ??????????????????????????????????????????????? | | ?????????????????????????????????????????????# | | ????????????????????????????????????????????# | | ??????????????????????????????? ???????????? | | #??????????????????????????????????????????? | | ##??????????????????????????????????????????? | | ##?#????????????????????????? ????? ????????? | | #?????#?????????????????????????????????????? | | ##?###????????????#????????????????????????????# | | ## #?????#?????????????????? ?????????????????? | | #???????????????????????????? ?????????????? | | ##?????????????##?######????????????????????? | | ###?????????????##$## % ##???????????###?????# | | ##????????????#??#$ "##< #??????????## ##????# | | #?????????????????# ##?????????## #????# | | #????????#?#????## #$#R #?? ???????# ###### | | ###?#??????????????????# @M #??????????# ## | | ???????????#?#??????#??# ####???????# | | ???????????????????????# ##???#??# | | #???#??????#???????????# ####???# ## # | | ##?????????????#?????### ##?## #### | | #####?#??????????##### #??# # # | | "##""###???##?????# ## #?## | | "" #?????????# #### ### ### | | # #??????#??# ##??# #??? | | #### ##?####????# ##???# #??? | | ##### #### ###??## #???## ##??? | | # ## # ##??## #??## #???? | | #???## ?## ## #??? | | ### ###??###?#### ## ## | | # #### #?## ######## ## ### | | ###??# ###?## #####?# | | ?????#####????# ##?????## # | | ??#???????????## ### ###???????######### ### | | ???????????????#######?####??????????????????###?? | | ????????????????????#????????????????????????????? | | ?????????????????????????????????????????????????? | | ?????????????????????????????????????????????????? | | ????????????????????????????#????????????????????? | | ??#????????????????#?????????????????????????????? | | ?????????????????????????????????????????????????? | +----------------------------------------------------+ Best States ------------- Heat Dissipation 39 Energy Generation 15 Energy Capacity 250 Matter Stores 450 Matter Capacity 450 Sight Range 16 Terrain Scan Range 16 Terrain Scan Density 10 Evasion (%) 45 Recoil Reduction 2 Item Schematics ----------------- None Robot Schematics ------------------ None Fabricated ------------ Nothing Alien Tech Used ----------------- None Achievements -------------- None Challenges ------------ None Game ------ Seed AbsorptionAssaultLaser Manual? 0 Play Time 00:18:48 Cumulative 668.6 hours Start 2024.02.21 @ 22:18:12 End 2024.02.21 @ 22:38:20 Sessions 1 Manual Loads 0 Difficulty Rogue Special Mode None Game No. 676 Rogue 401 Adventurer 123 Explorer 152 Win Type - Total 25 Types 19/0/4/1/0/0/0/1/0 Lore% 80 Gallery% 91 Achievement% 76 Wizard Run 0 Options --------- Layout 0 ASCII 0 Keyboard 1 Movement Numpad Keybinds 0 Fullscreen 2 Font 18/SmallcapsGlow Map View 76x50 Zoom Use 1% Tactical HUD 1 Map Filters NONE Filters NONE Steam 1 RUN: 4ae01c7c-7750-40eb-9d5e-cd666237eddc